 Dungeon Sprint DCSS version 0.30.1-9-gdf580d7c3d (webtiles) character file.

Game seed: 6999116751388051781

1099 Heoruswealwe the Impaler (level 8, 0/82 HPs)
             Began as a Minotaur Fighter on Oct 12, 2023.
             Was an Initiate of Gozag.
             Slain by an eight-headed hydra (7 damage)
             ... in the Dungeon (Sprint IX: "|||||||||||||||||||||||||||||").
             The game lasted 00:03:26 (379 turns).

Heoruswealwe the Impaler (Minotaur Fighter)          Turns: 379, Time: 00:03:27

Health: 0/82       AC: 14    Str: 24    XL:     8   Next: 10%
Magic:  7/7        EV: 11    Int:  5    God:    Gozag
Gold:   531        SH:  0    Dex:  9    Spells: 7/7 levels left

rFire   . . .        b - +2 halberd (venom)
rCold   . . .        (shield currently unavailable)
rNeg    . . .        c - +1 chain mail
rPois   .            (helmet restricted)
rElec   .            h - +0 cloak
rCorr   .            (no gloves)
SInv    .            (no boots)
Will    .....        (no amulet) Stlth
                     k - +2 ring of evasion
HPRegen 0.33/turn    (no ring)
MPRegen 0.10/turn

%: no teleportation
@: gold aura, slowed, very slow
A: horns 2, retaliatory headbutt
a: Renounce Religion, Potion Petition, Call Merchant, Bribe Branch


You were in the Dungeon.
You worshipped Gozag.
Gozag was pleased with you.
You visited 1 branch You collected 531 gold pieces.

Inventory:

Hand Weapons
 a - a +0 trident
 b - a +2 halberd of venom (weapon)
Armour
 c - a +1 chain mail (worn)
 d - a +0 buckler
 h - a +0 cloak (worn)
Jewellery
 k - a +2 ring of evasion (left hand)
Wands
 l - a wand of light (10)
Scrolls
 j - 2 scrolls of blinking
Potions
 e - 5 potions of curing
 g - a potion of haste
 i - a potion of berserk rage
 m - a potion of might


   Skills:
 + Level 11.3 Fighting
 * Level 15.0 Polearms
 + Level 11.3 Armour
 - Level 3.6 Shields


You had 7 spell levels left.
You didn't know any spells.
Your spell library was empty.

Dungeon Overview and Level Annotations

Branches:
Dungeon (1/1)

Altars:
Cheibriados
Dithmenos
Elyvilon
Fedhas
Gozag
Hepliaklqana
Kikubaaqudgha
Makhleb
Nemelex Xobeh
Okawaru
Qazlal
Ru
Sif Muna
Trog
Uskayaw
Vehumet
Wu Jian
Xom
Yredelemnul
Zin
The Shining One
Jiyva
Lugonu


Innate Abilities, Weirdness & Mutations

You have a pair of horns on your head.
You reflexively headbutt those who attack you in melee.


Message History

The air twists around and strikes you.
The deep elf pyromancer points at you and mumbles some strange words.
The sticky flame hits you but does no damage.
You are covered in liquid flames!
The eight-headed hydra bites you. x3; The eight-headed hydra bites you!
The eight-headed hydra misses you.
The eight-headed hydra bites you but does no damage.
The eight-headed hydra bites you.
* * * LOW HITPOINT WARNING * * *
The eight-headed hydra bites you!
* * * LOW HITPOINT WARNING * * *
The deep elf pyromancer hits you but does no damage.
The cyan ugly thing is engulfed in blazing flames.
You feel much better.
You are covered in liquid flames!
* * * LOW HITPOINT WARNING * * *
The eight-headed hydra barely misses you.
The eight-headed hydra bites you!
* * * LOW HITPOINT WARNING * * *
The eight-headed hydra bites you but does no damage. x2
The eight-headed hydra bites you.
* * * LOW HITPOINT WARNING * * *
The eight-headed hydra barely misses you.
The eight-headed hydra closely misses you.
The eight-headed hydra bites you.
* * * LOW HITPOINT WARNING * * *
The deep elf pyromancer is distracted by your dazzling golden aura.
The cyan ugly thing is engulfed in blazing flames.
You feel much better.
You are covered in liquid flames!
* * * LOW HITPOINT WARNING * * *
The deep elf pyromancer is no longer distracted by gold.
The vampire mosquito is distracted by your dazzling golden aura.
The eight-headed hydra barely misses you. x2
The eight-headed hydra bites you but does no damage.
The eight-headed hydra bites you!
* * * LOW HITPOINT WARNING * * *
The eight-headed hydra bites you!
You die...
Your body crumbles into a pile of gold. ▓▓▓▓▓▓▓▓▓▓▓▓▓▓▓▓▓▓▓▓▓▓▓▓▓ ...kyEuD@e..)'...=[[)?!'_ ▓▓▓▓▓▓▓▓▓▓▓▓▓▓▓▓▓▓▓▓▓▓▓▓▓ $ $$$$$ $ $ $ $$$$$

You could see an eight-headed hydra, a cyan ugly thing, a wind drake (repels missiles), a deep elf pyromancer, a fire elemental (summoned) and a vampire mosquito (unaware).

Vanquished Creatures
  A hornet (D)
  A shadow (D)
  A yak (D)
  A wraith (D)
  An acid dragon (D)
  A black bear (D)
  An ice beast (D)
  A centaur (D)
  A gnoll sergeant (D)
  An orc wizard (D)
  A worm (D)
  An orc (D)
  A ball python (D)
  A hobgoblin (D)
  A kobold (D)
  A bat (D)
  A frilled lizard (D)
17 creatures vanquished.

Notes
Turn   | Place    | Note
-------+----------+-------------------------------------------
     0 | D        | Heoruswealwe the Minotaur Fighter began the quest for the
                  | Orb.
     0 | D        | Reached XP level 1. HP: 19/19 MP: 0/0
     9 | D        | Reached skill level 3 in Polearms
    28 | D        | Noticed an ice beast
    28 | D        | Noticed a centaur
    28 | D        | Noticed a black bear
    33 | D        | Killed a black bear
    34 | D        | Reached skill level 7 in Polearms
    34 | D        | Reached XP level 2. HP: 11/31 MP: 1/1
    34 | D        | Reached XP level 3. HP: 14/38 MP: 2/2
    34 | D        | Reached XP level 4. HP: 16/45 MP: 3/3
    42 | D        | Killed a centaur
    43 | D        | Reached skill level 9 in Polearms
    43 | D        | Reached XP level 5. HP: 17/52 MP: 4/4
    50 | D        | Killed an ice beast
    51 | D        | Reached skill level 10 in Polearms
    51 | D        | Reached XP level 6. HP: 27/62 MP: 5/5
    70 | D        | Found a snail-covered altar of Cheibriados.
    70 | D        | Found a shadowy altar of Dithmenos.
    70 | D        | Found a white marble altar of Elyvilon.
    70 | D        | Found a blossoming altar of Fedhas.
    70 | D        | Found an opulent altar of Gozag.
    71 | D        | Found a hazy altar of Hepliaklqana.
    72 | D        | Found a viscous altar of Jiyva.
    73 | D        | Found an ancient bone altar of Kikubaaqudgha.
    74 | D        | Found a corrupted altar of Lugonu.
    75 | D        | Found a burning altar of Makhleb.
    76 | D        | Found a sparkling altar of Nemelex Xobeh.
    77 | D        | Found an iron altar of Okawaru.
    78 | D        | Became a worshipper of Gozag Ym Sagoz the Greedy
    79 | D        | Found a stormy altar of Qazlal.
    80 | D        | Found a sacrificial altar of Ru.
    81 | D        | Found a shimmering blue altar of Sif Muna.
    82 | D        | Found a bloodstained altar of Trog.
    83 | D        | Found a hide-covered altar of Uskayaw.
    84 | D        | Found a radiant altar of Vehumet.
    85 | D        | Found an ornate altar of the Wu Jian Council.
    86 | D        | Found a shimmering altar of Xom.
    87 | D        | Found a basalt altar of Yredelemnul.
    88 | D        | Found a glowing silver altar of Zin.
    89 | D        | Found a glowing golden altar of the Shining One.
   166 | D        | Noticed a shadow
   166 | D        | Noticed a hornet
   166 | D        | Noticed a yak
   166 | D        | Noticed an acid dragon
   172 | D        | Reached skill level 11 in Polearms
   185 | D        | Killed an acid dragon
   186 | D        | Reached skill level 12 in Polearms
   188 | D        | Killed a yak
   189 | D        | Reached skill level 10 in Fighting
   189 | D        | Reached skill level 13 in Polearms
   189 | D        | Reached skill level 10 in Armour
   189 | D        | Reached XP level 7. HP: 59/72 MP: 6/6
   190 | D        | Paralysed by a hornet for 1 turns
   192 | D        | Killed a hornet
   193 | D        | Reached skill level 14 in Polearms
   198 | D        | Killed a shadow
   371 | D        | Noticed a wind drake
   371 | D        | Noticed a vampire mosquito
   371 | D        | Noticed a cyan ugly thing
   371 | D        | Noticed a deep elf pyromancer
   371 | D        | Noticed a six-headed hydra
   371 | D        | Noticed a wraith
   372 | D        | Noticed a fire elemental
   374 | D        | Killed a wraith
   375 | D        | Reached skill level 15 in Polearms
   375 | D        | Reached XP level 8. HP: 69/82 MP: 7/7
   379 | D        | Slain by an eight-headed hydra

Illustrated notes

Levels and vault maps discovered:
D:        linesprint [early_d, line_temple, items_1, d_10, items_2, lair_1,
          lair_end, items_3, orc_1, orc_end, items_4, d_15, swamp_1, shoals_1,
          snake_1, spider_1, d_20, vaults_1, items_5, swamp_end, shoals_end,
          snake_end, spider_end, vaults_end, d_27, items_6, zot_1, zot_end,
          crypt_end, forest_end, elf_end, slime_end, tomb_end, abyss_end,
          pan_hell_end]

Skill      XL: |  1  2  3  4  5  6  7 |
---------------+----------------------+-----
Polearms       | 7 9 10 13 15 | 15.0
Fighting       | 6 7 8 10 11 | 11.3
Armour         | 6 7 8 10 11 | 11.3
Shields        | |  3.6

Action                     |  1- 3 |  4- 6 |  7- 9 || total
---------------------------+-------+-------+-------++-------
  Melee: Trident           |    22 |    16 |       ||    38
         Headbutt          |     3 |     9 |     3 ||    15
         Halberd           |       |    21 |    13 ||    34
    Use: Potion            |       |     1 |     2 ||     3
 Armour: Scale mail        |    10 |     5 |       ||    15
         Chain mail        |       |     9 |    12 ||    21
  Dodge: Dodged            |    12 |     6 |    12 ||    30
  Block: Buckler           |     5 |     2 |       ||     7
